 Dungeon Crawl Stone Soup version 0.26.1-2-gb8aa6d0cf2 (webtiles) character file.

Game seed: 11239923533954263366

1773 McKennaii the Thaumaturge (level 8, -1/42 HPs)
             Began as a Deep Elf Conjurer on Feb 14, 2021.
             Was a Believer of Vehumet.
             Slain by a killer bee (10 damage)
             ... on level 6 of the Dungeon.
             The game lasted 00:17:02 (8265 turns).

McKennaii the Thaumaturge (Deep Elf Conjurer)       Turns: 8265, Time: 00:17:02

Health: -1/42      AC:  4    Str:  4    XL:     8   Next: 80%
Magic:  14/23      EV: 17    Int: 26    God:    Vehumet [**....]
Gold:   372        SH:  0    Dex: 13    Spells: 16/26 levels left

rFire    . . .     SeeInvis .   u - +1 dire flail (protect)
rCold    . . .     Faith    .   (shield currently unavailable)
rNeg     . . .     Spirit   .   a - +0 robe
rPois    .         Reflect  .   c - +0 helmet
rElec    .         Harm     .   v - +0 cloak (curse)
rCorr    .         Rampage  .   (no gloves)
Will     .....                  (no boots)
Stlth    ++........             m - amulet of the acrobat
HPRegen  0.14/turn              k - ring of wizardry
MPRegen  0.18/turn              w - +4 ring of evasion (curse)

@: lethally poisoned (-1 -> -5)
A: no striking features
a: Renounce Religion


You were on level 6 of the Dungeon.
You worshipped Vehumet.
Vehumet was pleased with you.
You visited 2 branches of the dungeon, and saw 8 of its levels.

You collected 372 gold pieces.

Inventory:

Hand Weapons
 u - a +1 dire flail of protection (weapon)
Armour
 a - a +0 robe (worn)
 c - a +0 helmet (worn)
 v - a cursed +0 cloak (worn)
Jewellery
 k - a ring of wizardry (left hand)
 m - an amulet of the acrobat (around neck)
 w - a cursed +4 ring of evasion (right hand)
Wands
 n - a wand of random effects (27)
Scrolls
 b - 2 scrolls of remove curse
 e - a scroll of identify
 f - 2 scrolls of enchant weapon
 h - 4 scrolls of teleportation {unknown}
 j - a scroll of fear {unknown}
 l - 3 scrolls of enchant armour {unknown}
 q - a scroll of magic mapping {unknown}
 r - a scroll of blinking {unknown}
 s - a scroll of noise {unknown}
Potions
 d - 5 potions of curing
 g - a potion of heal wounds
 i - a potion of cancellation {unknown}
 o - a potion of brilliance {unknown}
 p - a potion of magic {unknown}
 t - 2 potions of berserk rage {unknown}


   Skills:
 + Level 0.7 Fighting
 + Level 3.0 Dodging
 + Level 3.6 Stealth
 * Level 9.7 Spellcasting
 * Level 9.4 Conjurations
 + Level 0.8 Hexes
 + Level 1.7 Translocations
 * Level 2.7 Fire Magic
 + Level 0.4 Evocations


You had 16 spell levels left.
You knew the following spells:

 Your Spells              Type           Power        Failure   Level
a - Magic Dart            Conj           100%         1%          1
b - Fulminant Prism       Conj/Hex       19%          2%          4
c - Iskenderun's Mystic   Conj/Tloc      41%          1%          4
d - Foxfire               Conj/Fire      100%         1%          1

Your spell library contained the following spells:

 Spells                   Type           Power        Failure   Level
 Searing Ray              Conj           100%         1%          2
 Dazzling Flash           Conj/Hex       78%          1%          3


Dungeon Overview and Level Annotations

Branches:
Dungeon (7/15)             Temple (1/1) D:4

Altars:
Dithmenos
Fedhas
Gozag
Nemelex Xobeh
Sif Muna
Trog
Vehumet
Zin
The Shining One
Jiyva

Shops:
D:6 (


Message History

Casting: Magic Dart (safe; 1% risk of failure)
Confirm with . or Enter, or press ? or * to list all spells.
You conjure some foxfire!
You feel sick. The killer bee closely misses you.
The foxfire hits the worker ant zombie!
The worker ant zombie is heavily damaged.
The orc priest looks encouraged for a moment.
The killer bee stings you!
* * * LOW HITPOINT WARNING * * *
You feel sick.
The foxfire hits the killer bee but does no damage.
The killer bee is severely wounded.
The killer bee misses you. The killer bee barely misses you.
The orc priest looks satisfied for a moment.
You climb upwards.
You feel sick.
There is a stone staircase leading down here.
Casting: Foxfire (safe; 1% risk of failure)
Confirm with . or Enter, or press ? or * to list all spells.
You conjure some foxfire!
The killer bee barely misses you. The killer bee stings you!
You die...

#.#...........
####.####.......# ##....#
##........
##.....###........#
##.......##.........
#.........#.########
#......<..#........#
#..y..........####.#
##.@v....##...#.....
###########.v...........##.#
#.........##...#.##...####.#
#.......>.###.........####.#
######.).......#
####...........#
.....#.........##
#.####....###
.###.#..........#
#.........#
.#...>..........#
#######...#
.....#..........### #...#


You could see a killer bee.

Vanquished Creatures
  Grinder (D:4)
  Sigmund (D:4)
  Eustachio (D:4)
  Menkaure (D:4)
  Duvessa (D:4)
  A phantom (D:5)
  An ogre (D:6)
  A big kobold (D:5)
  Blork the orc (D:6)
  Dowan (D:4)
  5 killer bees (D:7)
  A howler monkey (D:6)
  3 hounds
  A jelly (D:6)
  Crazy Yiuf (D:6)
  A worker ant zombie (D:5)
  7 gnolls
  7 adders
  An ooze (D:3)
  An adder skeleton (D:5)
  3 worms
  6 dart slugs
  8 leopard geckos
  13 orcs
  A ball python (D:4)
  7 bats
  3 giant cockroaches
  6 goblins
  6 hobgoblins
  17 jackals
  7 quokkas
  5 frilled lizards
  6 kobolds
  2 leopard gecko zombies
  2 quokka skeletons (D:5)
  5 rats
135 creatures vanquished.

Vanquished Creatures (collateral kills)
  4 foxfires (D:6)
4 creatures vanquished.

Vanquished Creatures (others)
  139 foxfires
  8 fulminant prisms
  2 fungi (D:6)
149 creatures vanquished.

Grand Total: 288 creatures vanquished

Notes
Turn   | Place    | Note
-------+----------+-------------------------------------------
     0 | D:1      | McKennaii the Deep Elf Conjurer began the quest for the
                  | Orb.
     0 | D:1      | Reached XP level 1. HP: 10/10 MP: 6/6
   290 | D:1      | Reached XP level 2. HP: 15/15 MP: 4/8
   349 | D:1      | Reached skill level 5 in Conjurations
   853 | D:1      | Reached XP level 3. HP: 19/19 MP: 3/9
  1196 | D:2      | Found a radiant altar of Vehumet.
  1205 | D:2      | Became a worshipper of Vehumet
  1562 | D:2      | Found a sparkling altar of Nemelex Xobeh.
  2078 | D:3      | Found a shadowy altar of Dithmenos.
  2284 | D:3      | Reached * piety under Vehumet
  2284 | D:3      | Offered knowledge of Freeze by Vehumet.
  2285 | D:3      | Reached XP level 4. HP: 24/24 MP: 6/11
  2529 | D:3      | Learned a level 4 spell: Fulminant Prism
  2534 | D:3      | Learned a level 4 spell: Iskenderun's Mystic Blast
  2922 | D:3      | Found a bloodstained altar of Trog.
  3197 | D:4      | Noticed Grinder
  3197 | D:4      | Noticed Menkaure
  3291 | D:4      | Reached XP level 5. HP: 28/28 MP: 9/14
  3299 | D:4      | Reached skill level 5 in Spellcasting
  3759 | D:4      | Killed Menkaure
  3760 | D:4      | Reached XP level 6. HP: 32/32 MP: 8/16
  3857 | D:4      | Noticed Eustachio
  3887 | D:4      | Killed Eustachio
  4362 | D:4      | Noticed Sigmund
  4601 | D:4      | Noticed Dowan
  5069 | D:4      | Killed Grinder
  5070 | D:4      | Reached XP level 7. HP: 37/37 MP: 11/19
  5168 | D:4      | Noticed Duvessa
  5437 | D:4      | Found a staircase to the Ecumenical Temple.
  5447 | D:4      | Killed Duvessa
  5451 | D:4      | Killed Dowan
  5452 | D:4      | Reached skill level 1 in Translocations
  5558 | Temple   | Entered the Ecumenical Temple
  5644 | D:4      | Found a shimmering blue altar of Sif Muna.
  5711 | D:4      | Killed Sigmund
  5712 | D:4      | Reached XP level 8. HP: 35/42 MP: 1/22
  5835 | D:5      | Entered Level 5 of the Dungeon
  6242 | D:5      | Offered knowledge of Foxfire by Vehumet.
  6245 | D:5      | Learned a level 1 spell: Foxfire
  6309 | D:5      | Reached ** piety under Vehumet
  7267 | D:6      | Reached skill level 1 in Fire Magic
  7395 | D:6      | Found Tuohinem's Antique Weapon Emporium.
  7627 | D:6      | Found a glowing silver altar of Zin.
  7658 | D:6      | Noticed Blork the orc
  7667 | D:6      | Killed Blork the orc
  8138 | D:6      | Found a runed translucent door.
  8139 | D:6      | Noticed Crazy Yiuf
  8162 | D:6      | Killed Crazy Yiuf
  8265 | D:6      | Slain by a killer bee

Illustrated notes

Levels and vault maps discovered:
D:1:      wander_arrival_estate, layout_basic, minmay_pentomino_q2
D:2:      layout_basic, vehumet_crystals, nicolae_overflow_crystal_walls
D:3:      layout_basic, general_overflow_altar, lemuel_round_altar
D:4:      layout_gridville, led_sif_pool, temple_fountains, uniq_sigmund,
          uniq_duvessa, uniq_eustachio, uniq_grinder, uniq_menkaure
D:5:      layout_loops_corners, st_stairs_5, hangedman_decor_diamond_cutter
D:6:      layout_loops_cross, zin_scriptorium, serial_shops, shop,
          minmay_misc_feat_doors, uniq_blork_the_orc, uniq_crazy_yiuf_cottage
D:7:      layout_rooms, lemuel_coloured_pillars_altar, serial_shops,
          kennysheep_little_box, kennysheep_generic_room_15
Temple:   pf_slimified_temple

Skill      XL: |  1  2  3  4  5  6  7  8 |
---------------+-------------------------+-----
Conjurations   | 5 6 7 8 9 |  9.4
Spellcasting   | 4 5 7 8 9 |  9.7
Stealth        | 3 |  3.6
Translocations | 1 |  1.7
Dodging        | 3 |  3.0
Fire Magic     | 2 |  2.7
Fighting       | |  0.7
Hexes          | |  0.8
Evocations     | |  0.4

Action                   |  1- 3 |  4- 6 |  7- 9 || total
-------------------------+-------+-------+-------++-------
Melee: Unarmed           |     1 |       |       ||     1
       Dire flail        |       |       |    14 ||    14
 Cast: Magic Dart        |   107 |   138 |    73 ||   318
       Fulminant Prism   |       |     2 |     6 ||     8
       Iskenderun's Myst |       |       |     8 ||     8
       Foxfire           |       |       |   103 ||   103
Evoke: Wand              |       |       |     2 ||     2
  Use: Scroll            |       |     7 |     1 ||     8
Armor: Robe              |    13 |     3 |     7 ||    23
Dodge: Dodged            |    24 |    21 |    33 ||    78
